Map: Tours du crépuscule

Players

zidar

  • Race: Zerg Zerg
  • League: Silver
  • Spawn Location: 7:00

CyAn - Winner!

  • Race: Protoss Protoss
  • League: Silver
  • Spawn Location: 1:00

VOD

Have the link to the VOD?

Description

Time

  • Played on: Feb. 9, 2016, 3:08 p.m.
  • Length: 9:06
Show
View Real Time Build Order
Export as new Build Order

zidar Zerg 

Build Orders: Pool First 

Get SALT Encoding   

  12  0:03  Drone  
  13  0:12  Overlord  
  13  0:22  Drone  
  14  0:30  Drone x2  
  16  0:36  Drone  
  17  0:50  Spawning Pool, Drone  
  17  1:14  Hatchery  
  17  1:16  Drone  
  17  1:24  Drone  
  18  1:29  Extractor  
  17  1:35  Drone  
  17  1:36  Queen  
  20  1:44  Drone  
  20  1:45  Overlord  
  21  2:04  Zergling x2  
  21  2:05  Zergling x2  
  23  2:22  Hatchery  
  22  2:23  Queen  
  24  2:34  Queen  
  25  3:01  Drone x6  
  31  3:21  Queen  
  33  3:35  Zergling x2  
  33  3:36  Zergling x6  
  33  3:37  Zergling x2  
  33  3:40  Metabolic Boost  
  38  3:47  Roach Warren  
  37  4:20  Drone  
  37  4:21  Drone x4  
  42  4:30  Overlord x4  
  42  4:37  Lair  
  42  4:42  Extractor  
  41  4:50  Evolution Chamber  
  41  4:52  Evolution Chamber, Pneumatized Carapace  
  39  5:48  Roach  
  39  5:49  Roach x5  
  51  6:32  Drone  
  52  6:33  Drone x15  
  52  6:35  Drone x4  
  52  6:36  Drone x2  
  73  6:44  Extractor  
  73  6:46  Extractor  
  71  6:59  Extractor  
  71  7:00  Extractor  
  69  7:14  Hydralisk Den  
  68  7:19  Roach x4  
  72  7:35  Roach  
  72  7:36  Roach x6  
  73  7:39  Roach x2  
  73  7:40  Roach  
  70  7:50  Roach  
  70  7:51  Roach  
  67  7:55  Overlord  
  67  7:56  Overlord x3  
  63  8:03  Roach x3  
  67  8:10  Spine Crawler  
  66  8:21  Roach  
  66  8:22  Roach x8  
Show
View Real Time Build Order
Export as new Build Order

CyAn Protoss - Winner!

Build Orders:  

Get SALT Encoding   

  12  0:01  Probe (Chrono Boost)  
  13  0:12  Probe (Chrono Boost)  
  14  0:23  Probe (Chrono Boost), Pylon  
  15  0:41  Probe (Chrono Boost)  
  16  0:52  Probe (Chrono Boost)  
  17  1:02  Probe (Chrono Boost)  
  18  1:09  Nexus  
  18  1:13  Probe (Chrono Boost)  
  19  1:27  Gateway  
  19  1:32  Forge  
  19  1:42  Assimilator  
  19  1:47  Assimilator  
  19  1:50  Probe (Chrono Boost)  
  19  1:52  Pylon  
  20  2:06  Photon Cannon  
  20  2:20  Cybernetics Core  
  20  2:24  Probe (Chrono Boost), Zealot (Chrono Boost)  
  20  2:26  Probe  
  24  2:35  Probe  
  24  2:38  Probe  
  26  2:50  Probe  
  26  2:51  Probe  
  26  2:57  Adept (Chrono Boost)  
  26  2:58  Warp Gate  
  30  3:00  Probe  
  30  3:04  Mothership Core  
  33  3:13  Probe  
  34  3:23  Twilight Council  
  34  3:25  Adept (Chrono Boost)  
  36  3:32  Probe  
  36  3:34  Probe  
  38  3:45  Probe  
  38  3:46  Probe  
  40  3:56  Probe  
  40  3:57  Robotics Facility  
  40  3:59  Probe, Pylon  
  40  4:00  Resonating Glaives  
  42  4:07  Adept (Chrono Boost)  
  43  4:15  Probe  
  43  4:16  Probe  
  45  4:25  Protoss Ground Weapons Level 1  
  45  4:35  Gateway  
  45  4:36  Gateway  
  45  4:39  Gateway x2  
  45  4:42  Gateway  
  45  4:46  Gateway  
  45  4:55  Gateway  
  45  5:03  Adept (Chrono Boost)  
  45  5:04  Gateway  
  45  5:06  Probe x2 (Chrono Boost)  
  49  5:28  Warp Prism (Chrono Boost)  
  51  5:56  Pylon  
  51  5:59  Pylon  
  51  6:02  Pylon  
  51  6:04  Pylon  
  51  6:05  Pylon  
  51  6:07  Adept  
  51  6:08  Pylon  
  51  6:10  Pylon  
  53  6:37  Adept  
  53  6:38  Adept x6  
  53  6:39  Adept x2  
  71  7:05  Adept x3  
  71  7:06  Adept x5  
  71  7:07  Adept  
  89  7:31  Adept x2  
  89  7:32  Adept x7  
  103  7:53  Adept  
  103  7:54  Adept x2  
  109  8:01  Pylon  
  109  8:03  Pylon  
  109  8:05  Pylon  
  109  8:07  Pylon  
  109  8:14  Probe, Assimilator  
  109  8:15  Nexus  
  109  8:17  Probe  
  109  8:19  Assimilator  
  111  8:26  Probe  
  112  8:28  Probe  
  113  8:35  Adept x4  
  113  8:36  Adept x3  
  113  8:37  Adept x2  
  109  8:58  Adept x4  
  109  8:59  Adept x2  
  109  9:01  Adept  
Tags
 
Add a new tag
Caveats
  • Supply blocks, unpowered buildings, or Contaminate may cause inaccurate times.
  • Supply counts are checked every 10 seconds.